 Seeded DCSS version 0.30-a0-918-g0ff054e9dc (webtiles) character file.

Game seed: 3125986916090331667 (custom seed)

11018 bmack86 the Cleaver (level 11, 0/97 HPs)
             Began as a Minotaur Fighter on Mar 20, 2023.
             Was a High Priest of Okawaru.
             Slain by a white ugly thing (45 damage)
             ... on level 12 of the Dungeon.
             The game lasted 00:27:24 (8073 turns).

bmack86 the Cleaver (Minotaur Fighter)              Turns: 8073, Time: 00:27:25

Health: 0/97       AC: 21    Str: 34    XL:     11   Next: 43%
Magic:  14/14      EV:  8    Int:  5    God:    Okawaru [*****.]
Gold:   434        SH: 15    Dex: 10    Spells: 10/10 levels left

rFire   + . .      SeeInvis .    a - +3 war axe (venom)
rCold   . . .      Faith    .    w - +0 kite shield
rNeg    + . .      Spirit   .    j - +1 chain mail of Supple Strength {Harm Str+3}
rPois   .          Reflect  +    e - +5 hat of the World {Harm rElec rF+}
rElec   +          Rampage  .    i - +2 cloak
rCorr   +          Harm     + +  (no gloves)
Will    .....                    (no boots) Stlth
                                 r - amulet of reflection
HPRegen 0.36/turn                g - +6 ring of strength
MPRegen 0.14/turn                t - ring of False Pretenses {+Blink rN+ rCorr}

@: studying Armour
A: horns 2, retaliatory headbutt
a: Renounce Religion, Evoke Blink, Heroism, Finesse, Duel


You were on level 12 of the Dungeon.
You worshipped Okawaru.
Okawaru was extremely pleased with you.
You visited 2 branches of the dungeon, and saw 12 of its levels.

You collected 524 gold pieces.
You spent 90 gold pieces at shops.

Inventory:

Hand Weapons
 a - a +3 war axe of venom (weapon)
Missiles
 l - 23 poisoned darts
 u - 2 curare-tipped darts
 F - a silver javelin
Armour
 c - a +0 buckler
 e - the +5 hat of the World (worn) {Harm rElec rF+}
   (You acquired it on level 3 of the Dungeon)

   rF:        It protects you from fire.
   rElec:     It insulates you from electricity.
   Harm:      It increases damage dealt and taken.
 i - a +2 cloak (worn)
 j - the +1 chain mail of Supple Strength (worn) {Harm Str+3}
   (You found it on level 3 of the Dungeon)

   Str:       It affects your strength (+3).
   Harm:      It increases damage dealt and taken.
 w - a +0 kite shield (worn)
Jewellery
 f - an amulet of magic regeneration
 g - a +6 ring of strength (left hand)
 r - an amulet of reflection (around neck)
 s - a ring of wizardry
 t - the ring of False Pretenses (right hand) {+Blink rN+ rCorr}
   (You acquired it on level 3 of the Dungeon)

   [ring of positive energy]

   rN:        It protects you from negative energy.
   +Blink:    It lets you blink.
   rCorr:     It protects you from acid and corrosion.
 v - an amulet of guardian spirit
 A - a +6 ring of dexterity
 C - a ring of magical power
 G - an amulet of the acrobat
Wands
 o - a wand of flame (4) (quivered)
 p - a wand of digging (3)
 B - a wand of acid (4)
 E - a wand of roots (1)
Scrolls
 k - 5 scrolls of teleportation
 y - 2 scrolls of brand weapon
Potions
 b - 3 potions of cancellation
 d - 4 potions of might
 h - 3 potions of heal wounds
 m - a potion of resistance
 n - 2 potions of lignification
 q - a potion of brilliance
 x - 2 potions of attraction
 z - a potion of ambrosia
 D - 3 potions of haste


   Skills:
 + Level 9.2 Fighting
 * Level 12.1 Axes
 + Level 6.4 Throwing
 + Level 11.9 Armour
 + Level 9.2 Shields
 + Level 6.4 Invocations


You had 10 spell levels left.
You didn't know any spells.
Your spell library contained the following spells:

 Spells                   Type           Power      Damage    Failure   Level
 Sandblast                Erth           0%         2d4       98%         1
 Ensorcelled Hibernation  Hex/Ice        0%         N/A       99%         2
 Passwall                 Tmut/Erth      0%         N/A       99%         2
 Sublimation of Blood     Necr           0%         N/A       99%         2
 Inner Flame              Hex/Fire       0%         N/A       100%        3
 Portal Projectile        Hex/Tloc       0%         N/A       100%        3
 Stone Arrow              Conj/Erth      0%         3d7       100%        3
 Swiftness                Air            0%         N/A       100%        3
 Flame Wave               Conj/Fire      0%         2d4       100%        4
 Leda's Liquefaction      Hex/Erth       0%         N/A       100%        4
 Petrify                  Tmut/Erth      0%         N/A       100%        4
 Sticky Flame             Conj/Fire      0%         2d3       100%        4
 Irradiate                Conj/Tmut      0%         3d11      100%        5
 Borgnjor's Revivificati  Necr           0%         N/A       100%        8
 Necromutation            Tmut/Necr      0%         N/A       100%        8
 Death's Door             Necr           0%         N/A       100%        9
 Call Canine Familiar     Summ           Unusable   N/A       N/A         3

Dungeon Overview and Level Annotations

Branches:
Dungeon (12/15)            Temple (1/1) D:5             Orc (0/2) D:9
   Lair: D:8-11

Altars:
Cheibriados
Dithmenos
Gozag
Hepliaklqana
Kikubaaqudgha
Nemelex Xobeh
Okawaru
Qazlal
Wu Jian
Xom
The Shining One

Shops:
D:3 :   D:5 (**?   D:7 :


Innate Abilities, Weirdness & Mutations

You have a pair of horns on your head.
You reflexively headbutt those who attack you in melee.


Message History

The wraith hits you but does no damage.
You completely miss the wraith. The wraith hits you!
You barely miss the wraith. You block the wraith's attack.
You slash the wraith! Your headbutt misses the wraith.
The wraith is moderately damaged.
You block the wraith's attack.
You hit the wraith but do no damage. Your headbutt misses the wraith.
The wraith is moderately damaged.
You block the wraith's attack.
You hit the wraith but do no damage.
The wraith is moderately damaged.
You block the wraith's attack.
You hit the wraith. You headbutt the wraith.
The wraith is heavily damaged.
The wraith hits you!
You slash the wraith!
The wraith is severely damaged.
You block the wraith's attack.
You slash the wraith!
You destroy the wraith!
Okawaru accepts your kill.
You see here a +4 morningstar of draining.
You start resting.
HP restored.
You open the door.
A white ugly thing comes into view.
The white ugly thing gurgles horribly!
You block the white ugly thing's attack.
There is an open door here.
You slash the white ugly thing!
The white ugly thing is poisoned.
The white ugly thing is moderately wounded.
You block the white ugly thing's attack.
You slash the white ugly thing!
The white ugly thing looks as sick as possible!
The white ugly thing is heavily wounded.
The white ugly thing trunk-slaps you. The white ugly thing freezes you!!
You completely miss the white ugly thing.
The white ugly thing is severely wounded.
The white ugly thing trunk-slaps you. The white ugly thing freezes you!!
You die...

..........#
#.[.........#.#......
.........##
##.........##†##.....
.........#
#.........'...#.....
........##
##...(...##...##....
........#
####'####.....+....
.......##
#.....###....##...
.......# # #.....#
#.....#... ......##
##.##...## ##....##..
......# +..u@...#
+.....#.. .....##
#...##.## ##....##.
.....# #.... #)#
#.....#. ....## #####
### ######## .....#
#. .....## ##.
......# #.. ......##
##.. .......# #...


You could see a white ugly thing (extremely poisoned).

Vanquished Creatures
  An ogre mage (D:8)
  A boulder beetle (D:12)
  2 two-headed ogres
  A cyclops (D:12)
  A manticore (D:12)
  A freezing wraith (D:12)
  A komodo dragon (D:12)
  5 trolls
  A hornet (D:10)
  4 slime creatures (D:12)
  2 wraiths
  A wyvern (D:8)
  2 steam dragons (D:7)
  4 vampire mosquitoes (D:12)
  An acid dragon (D:12)
  4 water moccasins
  4 orc warriors
  2 ice beasts
  An ogre (D:5)
  A sky beast (D:6)
  3 black bears
  5 centaurs
  3 kobold brigands
  3 bullfrogs
  2 gnoll sergeants (D:9)
  6 scorpions
  5 wights (D:8)
  5 killer bees (D:8)
  A howler monkey (D:9)
  A hound (D:6)
  5 jellies
  5 orc priests
  Crazy Yiuf (D:7)
  4 iguanas
  A sleepcap (D:4)
  Natasha (thrice) (D:2)
  10 orc wizards
  10 gnolls
  7 adders
  3 white imps (D:6)
  A worm (D:2)
  2 dart slugs
  31 orcs
  7 endoplasms
  2 giant cockroaches
  5 hobgoblins
  4 jackals (D:4)
  18 kobolds
  3 quokkas
  9 ball pythons
  4 bats
  2 frilled lizards
  9 goblins
  4 rats
  4 bushes (D:3)
228 creatures vanquished.

Vanquished Creatures (others)
  An orc (D:7)
  A quokka (D:2)
  A fungus (D:10)
  7 plants
10 creatures vanquished.

Grand Total: 238 creatures vanquished

Notes
Turn   | Place    | Note
-------+----------+-------------------------------------------
     0 | D:1      | bmack86 the Minotaur Fighter began the quest for the Orb.
     0 | D:1      | Reached XP level 1. HP: 19/19 MP: 0/0
   195 | D:1      | Reached XP level 2. HP: 27/27 MP: 1/1
   398 | D:1      | Reached skill level 3 in Axes
   581 | D:1      | Reached XP level 3. HP: 33/33 MP: 2/2
   816 | D:2      | Noticed Natasha
   824 | D:2      | Killed Natasha
   825 | D:2      | Reached XP level 4. HP: 25/40 MP: 3/3
   881 | D:2      | Noticed Natasha
   895 | D:2      | Killed Natasha
   896 | D:2      | Reached skill level 4 in Axes
  1059 | D:2      | Noticed Natasha
  1062 | D:2      | Killed Natasha
  1604 | D:3      | Reached XP level 5. HP: 47/47 MP: 4/4
  1796 | D:3      | Found an iron altar of Okawaru.
  1819 | D:3      | Became a worshipper of Warmaster Okawaru
  1851 | D:3      | Identified 2 scrolls of acquirement
  1851 | D:3      | Acquired the ring of False Pretenses {+Blink rN+ rCorr}
  1854 | D:3      | Acquired the +5 hat of the World {Harm rElec rF+}
  1985 | D:3      | Identified the +1 chain mail of Supple Strength {Harm
                  | Str+3}
  2017 | D:3      | Found Digoh's Book Boutique.
  2558 | D:4      | Noticed a water moccasin
  2567 | D:4      | Killed a water moccasin
  2568 | D:4      | Reached skill level 5 in Axes
  2578 | D:4      | Reached skill level 1 in Invocations
  2578 | D:4      | Reached XP level 6. HP: 53/53 MP: 5/5
  2598 | D:4      | Found a hazy altar of Hepliaklqana.
  2704 | D:4      | Acquired a manual of Armour
  2748 | D:4      | Reached skill level 5 in Armour
  2752 | D:4      | Reached * piety under Okawaru
  2753 | D:4      | Reached skill level 5 in Fighting
  2753 | D:4      | Reached skill level 5 in Shields
  2761 | D:4      | Reached skill level 1 in Throwing
  2767 | D:4      | Reached XP level 7. HP: 49/61 MP: 7/7
  2834 | D:4      | Reached skill level 6 in Axes
  3145 | D:5      | Entered Level 5 of the Dungeon
  3194 | D:5      | Reached ** piety under Okawaru
  3195 | D:5      | Found Tuexan's Magic Scroll Boutique.
  3195 | D:5      | Found Keelodoj's General Store.
  3197 | D:5      | Found Kuxiet's Assorted Antiques.
  3197 | D:5      | Found Istewn's Weapon Boutique.
  3246 | D:5      | Bought a scroll of enchant armour for 90 gold pieces
  3301 | D:5      | Reached XP level 8. HP: 70/70 MP: 7/9
  3383 | D:5      | Found a staircase to the Ecumenical Temple.
  3413 | Temple   | Entered the Ecumenical Temple
  3423 | D:5      | Reached skill level 7 in Axes
  3661 | D:6      | Reached *** piety under Okawaru
  3737 | D:6      | Reached skill level 8 in Axes
  3790 | D:6      | Noticed a troll
  3793 | D:6      | Killed a troll
  3794 | D:6      | Reached XP level 9. HP: 71/78 MP: 10/10
  3840 | D:6      | Reached **** piety under Okawaru
  3967 | D:6      | Found an ornate altar of the Wu Jian Council.
  4311 | D:7      | Reached skill level 9 in Axes
  4635 | D:7      | Found Jauttyss's Tremendous Tomes.
  4841 | D:7      | Found a runed translucent door.
  4842 | D:7      | Noticed Crazy Yiuf
  4847 | D:7      | Killed Crazy Yiuf
  5015 | D:8      | Found a transporter.
  5020 | D:8      | Noticed an ogre mage
  5023 | D:8      | Found a transporter.
  5270 | D:8      | Found a sparkling altar of Nemelex Xobeh.
  5506 | D:8      | Found a large runed translucent door.
  5509 | D:8      | Found a large runed translucent door.
  5517 | D:8      | Reached XP level 10. HP: 87/88 MP: 12/12
  5539 | D:8      | Found a shadowy altar of Dithmenos.
  5620 | D:8      | Found a shimmering altar of Xom.
  5753 | D:8      | Found a glowing golden altar of the Shining One.
  5892 | D:8      | Killed an ogre mage
  5893 | D:8      | Reached skill level 10 in Axes
  5893 | D:8      | Reached skill level 5 in Throwing
  5893 | D:8      | Reached skill level 10 in Armour
  5893 | D:8      | Reached skill level 5 in Invocations
  6410 | D:9      | Found a staircase to the Orcish Mines.
  6508 | D:9      | Noticed a two-headed ogre
  6517 | D:9      | Killed a two-headed ogre
  6517 | D:9      | Reached ***** piety under Okawaru
  6892 | D:10     | Entered Level 10 of the Dungeon
  6898 | D:10     | Reached skill level 11 in Axes
  6902 | D:10     | You fall into a shaft and drop 2 floors!
  7043 | D:12     | Noticed a two-headed ogre
  7048 | D:12     | Killed a two-headed ogre
  7048 | D:12     | Received a gift from Okawaru
  7159 | D:12     | Received a gift from Okawaru
  7160 | D:12     | Reached XP level 11. HP: 84/95 MP: 14/14
  7946 | D:12     | Noticed a boulder beetle
  7951 | D:12     | Killed a boulder beetle
  7952 | D:12     | Reached skill level 12 in Axes
  8069 | D:12     | Noticed a white ugly thing
  8073 | D:12     | Slain by a white ugly thing

Illustrated notes

Levels and vault maps discovered:
D:1:      amcnicky_arrival_single_pillar, layout_loops_cross,
          hangedman_glass_garden
D:2:      layout_loops_ring, dk_vineyard_1, uniq_natasha
D:3:      layout_basic, mainiacjoe_overflow_catwalk, serial_forest,
          infiniplex_forest_zigzag_1, infiniplex_forest_split,
          infiniplex_forest_end_double, infiniplex_forest_lined_room_,
          infiniplex_forest_corner_1, infiniplex_forest_lined_room_2,
          serial_shops, nicolae_shop_hallway_stairs
D:4:      layout_basic, old_standard_altar
D:5:      layout_rooms, minmay_temple_entry_drinking_statues,
          minmay_shop_grid_forest
D:6:      layout_rooms, lemuel_tele_altar, minmay_microvault
D:7:      layout_basic, minmay_misc_feat_hallway, nicolae_shop_i_like_big_books,
          chequers_serial_rivers_large_a, uniq_crazy_yiuf_cottage
D:8:      gammafunk_beogh_shrine, layout_basic,
          mainiacjoe_overflow_six_doors_small, jmf_multi_god_temple2,
          kennysheep_little_box, serial_curves, eino_curves_01, eino_curves_02
D:9:      layout_roguey, orc_0_dummy
D:10:     layout_rooms, minmay_lair_entry_grove, gammafunk_ghost_stat_death,
          minmay_orc_keep
D:12:     nicolae_hexawheel, layout_irregular_city, hangedman_decor_riveting
Temple:   hellmonk_temple_of_storms

Skill      XL: |  1  2  3  4  5  6  7  8  9 10 11 |
---------------+----------------------------------+-----
Axes           | 3 4 5 6 8 9 11 12 | 12.1
Shields        | 4 5 6 7 8 9 |  9.2
Fighting       | 4 5 6 7 8 9 |  9.2
Armour         | 4 5 6 8 9 11 | 11.9
Invocations    | 1 2 3 4 6 |  6.4
Throwing       | 1 2 3 4 5 6 |  6.4

Action                     |  1- 3 |  4- 6 |  7- 9 | 10-12 || total
---------------------------+-------+-------+-------+-------++-------
  Melee: War axe           |    65 |   135 |   158 |   124 ||   482
         Headbutt          |     8 |    33 |    20 |    27 ||    88
 Invoke: Heroism           |       |       |       |     1 ||     1
         Finesse           |       |       |       |     1 ||     1
  Evoke: Wand              |       |     5 |     9 |     5 ||    19
    Use: Scroll            |     2 |    12 |     6 |     6 ||    26
         Potion            |       |       |       |     1 ||     1
 Armour: Scale mail        |    29 |    19 |       |       ||    48
         Chain mail        |       |    24 |    88 |    78 ||   190
  Dodge: Dodged            |    26 |    40 |    47 |    48 ||   161
  Block: Buckler           |    17 |    22 |    92 |    53 ||   184
         Reflection        |       |     1 |     8 |     7 ||    16
         Kite shield       |       |       |       |    62 ||    62

Table legend: (Time is in decaauts)
 A = Elapsed time spent in this place.
 B = Non-inter-level travel time spent in this place.
 C = Inter-level travel time spent in this place.
 D = Time resting spent in this place.
 E = Time spent auto-exploring this place.
 F = Levels seen in this place.
 G = Mean time per level.
                   A        B        C        D        E       F      G
               +--------+--------+--------+--------+--------+-----+--------+
         Total |   8189 |   7908 |    281 |    600 |   4775 |  12 |  682.4 |
       Dungeon |   8185 |   7904 |    281 |    600 |   4775 |  11 |  744.1 |
        Temple |      4 |      4 |      0 |      0 |      0 |   1 |    4.0 |
               +--------+--------+--------+--------+--------+-----+--------+

Top non-repeatable levels by time:
     D:8: 1219 daAuts
    D:12: 1173 daAuts
     D:3: 1040 daAuts
     D:7: 957 daAuts
     D:2: 904 daAuts
     D:9: 703 daAuts
     D:1: 663 daAuts
     D:4: 615 daAuts
     D:5: 515 daAuts
     D:6: 381 daAuts
    D:10: 9 daAuts
  Temple: 4 daAuts
